 Dungeon Crawl Stone Soup version 0.32-a0-768-g0f6f1dd4b9 (webtiles) character file.

Game seed: 8070605951030031611

2982 Griffin23 the Carver (level 9, -1/81 HPs)
             Began as a Minotaur Fighter on Mar 19, 2024.
             Was an Initiate of Gozag.
             Slain by a vampire mosquito (4 damage)
             ... on level 8 of the Dungeon.
             The game lasted 00:16:10 (9363 turns).

Griffin23 the Carver (Minotaur Fighter)             Turns: 9363, Time: 00:16:11

Health: -1/81      AC: 20    Str: 25    XL:     9   Next: 53%
Magic:  5/8        EV:  5    Int:  5    God:    Gozag
Gold:   203        SH:  9    Dex: 10    Spells: 8/8 levels left

rFire   . . .        a - +0 long sword
rCold   + . .        g - +0 kite shield
rNeg    . . .        D - +3 plate armour {rC+}
rPois   .            u - +0 hat
rElec   .            C - +0 cloak
rCorr   .            (no gloves)
SInv    .            f - +1 pair of boots
Will    .....        (no amulet) Stlth
                     (no ring)
HPRegen 0.33/turn    (no ring)
MPRegen 0.11/turn

%: no passive effects
@: mighty, gold aura
A: horns 2, retaliatory headbutt
a: Renounce Religion, Potion Petition, Call Merchant, Bribe Branch


You were on level 8 of the Dungeon.
You worshipped Gozag.
Gozag was aware of your devotion.
You visited 1 branch of the dungeon, and saw 9 of its levels.

You collected 1506 gold pieces.
You spent 853 gold pieces at shops.
You paid 450 gold pieces to Gozag.

Inventory:

Hand Weapons
 a - a +0 long sword (weapon)
Missiles
 i - 2 boomerangs (quivered)
Armour
 b - a +0 scale mail
 f - a +1 pair of boots (worn)
 g - a +0 kite shield (worn)
 j - the +0 leather armour "Nese" {+Blink}
   (You found it on level 2 of the Dungeon)

   +Blink:    It lets you blink.
 s - a +0 plate armour
 u - a +0 hat (worn)
 C - a +0 cloak (worn)
 D - a +3 plate armour of cold resistance (worn)
Wands
 m - a wand of charming (7)
 y - a wand of acid (5)
 A - a wand of flame (22)
Scrolls
 n - a scroll of amnesia
 p - a scroll of brand weapon
 q - 3 scrolls of immolation
 v - a scroll of summoning
 B - a scroll of enchant weapon
Potions
 e - a potion of enlightenment
 h - a potion of heal wounds {unknown}
 k - 2 potions of ambrosia
 l - a potion of magic
 r - a potion of brilliance {unknown}
 t - a potion of lignification {unknown}
 w - a potion of berserk rage {unknown}
 x - a potion of attraction {unknown}
 z - 4 potions of curing


   Skills:
 + Level 8.0 Fighting
 * Level 10.3 Long Blades
 + Level 8.0 Armour
 + Level 8.1 Shields


You had 8 spell levels left.
You didn't know any spells.
Your spell library contained the following spells:

 Spells                   Type           Power      Damage    Failure   Level
 Kiss of Death            Conj/Necr      0%         2d5       100%        1
 Call Imp                 Summ           0%         N/A       100%        2
 Sublimation of Blood     Necr           0%         N/A       100%        2
 Confusing Touch          Hex            0%         N/A       100%        3
 Passwall                 Erth           0%         N/A       100%        3
 Tukima's Dance           Hex            0%         N/A       100%        3
 Volatile Blastmotes      Fire/Tloc      0%         2d10      100%        3
 Dimensional Bullseye     Hex/Tloc       0%         N/A       100%        4
 Dispel Undead            Necr           0%         3d6       100%        4
 Iskenderun's Mystic Bla  Conj/Tloc      0%         2d3       100%        4
 Bombard                  Conj/Erth      0%         9d1       100%        6
 Summon Hydra             Summ           0%         N/A       100%        7
 Chain Lightning          Conj/Air       0%         N/A       100%        9
 Fire Storm               Conj/Fire      0%         5d1       100%        9
 Shatter                  Erth           0%         3d5*      100%        9


Dungeon Overview and Level Annotations

Branches:
Dungeon (9/15)             Temple (0/1) D:5
   Lair: D:8-11         Orc: D:9-12

Altars:
Ashenzari
Gozag
Makhleb
Okawaru
Sif Muna
Trog
Wu Jian
Yredelemnul

Shops:
D:6 [   D:8 *

Annotations:
D:7 1 runed translucent door, Biggs's ghost, novice DjCj
D:9 Maurice


Innate Abilities, Weirdness & Mutations

You have a pair of horns on your head.
You reflexively headbutt those who attack you in melee.


Message History

You feel very mighty all of a sudden. The vampire mosquito barely misses you.
The vampire mosquito bites you but does no damage.
You block the vampire mosquito's attack.
The vampire mosquito bites you!
* * * LOW HITPOINT WARNING * * *
The vampire mosquito draws strength from your injuries!
The vampire mosquito completely misses you.
You miss the vampire mosquito.
The vampire mosquito is lightly damaged.
The vampire mosquito bites you!
* * * LOW HITPOINT WARNING * * *
The vampire mosquito draws strength from your injuries!
The vampire mosquito barely misses you. x4
You block the vampire mosquito's attack.
You barely miss the vampire mosquito. You headbutt the vampire mosquito!
The vampire mosquito is severely damaged.
You block the vampire mosquito's attack. x3
The vampire mosquito bites you but does no damage. x2
The vampire mosquito closely misses you.
You slash the vampire mosquito!
You destroy the vampire mosquito!
The vampire mosquito barely misses you.
The vampire mosquito bites you but does no damage.
The vampire mosquito closely misses you.
You furiously retaliate!
You headbutt the vampire mosquito!
The vampire mosquito bites you but does no damage.
Your Fighting skill increases to level 8!
Your Armour skill increases to level 8!
You closely miss the vampire mosquito.
The vampire mosquito is heavily damaged.
The vampire mosquito bites you.
* * * LOW HITPOINT WARNING * * *
The vampire mosquito draws strength from your injuries!
The vampire mosquito bites you.
* * * LOW HITPOINT WARNING * * *
The vampire mosquito draws strength from your injuries!
The vampire mosquito bites you.
You die...
Your body crumbles into a pile of gold.

...#...#.........<###.≈.## #....
...+...#........>...#...#####....
...#...#.........................
...#.###...........##._.#####....
...................##...# #....
##))#...<..........##...# #....
.#.##..............##.≈.# #....
.#.............y$y###.≈.# #....
.#..#.....##....@## #.≈.# #####
....############## #.≈.#########
...##################............
.##.....................#########
....###############.#.♣.# #####
#.#.♣.# # #.#.♣.# #.#.♣.# #.#...#


You could see 2 vampire mosquitoes.

Vanquished Creatures
  Sigmund (D:3)
  A vampire mosquito (D:8)
  2 steam dragons
  A water moccasin (D:8)
  4 sky beasts
  2 orc warriors
  An ice beast (D:3)
  A centaur (D:5)
  An ogre (D:7)
  3 kobold brigands
  2 scorpions
  3 howler monkeys
  A bombardier beetle (D:5)
  5 hounds
  4 jellies
  5 orc priests
  2 gnoll boudas
  Jessica (D:3)
  An iguana (D:5)
  4 orc wizards
  Natasha (thrice) (D:3)
  6 gnolls (D:5)
  6 adders
  2 white imps
  An adder zombie (D:3)
  4 ribbon worms
  A dart slug (D:1)
  44 orcs
  9 bats
  11 endoplasms
  3 giant cockroaches
  10 goblins
  9 hobgoblins
  3 jackals (D:5)
  5 quokkas
  7 ball pythons
  3 frilled lizards
  A giant cockroach zombie (D:3)
  31 kobolds
  7 rats
211 creatures vanquished.

Vanquished Creatures (others)
  A kobold (D:6)
1 creature vanquished.

Grand Total: 212 creatures vanquished

Notes
Turn   | Place    | Note
-------+----------+-------------------------------------------
     0 | D:1      | Griffin23 the Minotaur Fighter began the quest for the Orb.
     0 | D:1      | Reached XP level 1. HP: 19/19 MP: 0/0
    66 | D:1      | Reached XP level 2. HP: 27/27 MP: 1/1
   204 | D:1      | Reached skill level 3 in Long Blades
   616 | D:1      | Reached XP level 3. HP: 33/33 MP: 2/2
   750 | D:2      | Identified the +0 leather armour "Nese" {+Blink}
  1204 | D:2      | Reached XP level 4. HP: 40/40 MP: 3/3
  1428 | D:2      | Reached skill level 4 in Long Blades
  1510 | D:3      | Noticed Natasha
  1514 | D:3      | Noticed Sigmund
  1515 | D:3      | Killed Natasha
  1531 | D:3      | Killed Sigmund
  1532 | D:3      | Reached skill level 5 in Long Blades
  1532 | D:3      | Reached XP level 5. HP: 32/47 MP: 4/4
  1532 | D:3      | Reached XP level 6. HP: 37/55 MP: 5/5
  1553 | D:3      | Noticed Natasha
  1559 | D:3      | Killed Natasha
  1560 | D:3      | Reached skill level 5 in Fighting
  1560 | D:3      | Reached skill level 5 in Armour
  1560 | D:3      | Reached skill level 5 in Shields
  1565 | D:3      | Noticed Natasha
  1574 | D:3      | Killed Natasha
  1702 | D:3      | Noticed Jessica
  1712 | D:3      | Killed Jessica
  1842 | D:3      | Found an opulent altar of Gozag.
  1885 | D:3      | Found a faded altar of an unknown god.
  2002 | D:3      | Became a worshipper of Gozag Ym Sagoz the Greedy
  2007 | D:3      | Found an ornate altar of the Wu Jian Council.
  2292 | D:3      | Noticed an ice beast
  2498 | D:3      | Killed an ice beast
  2499 | D:3      | Reached skill level 6 in Long Blades
  2499 | D:3      | Reached XP level 7. HP: 52/61 MP: 6/6
  2750 | D:3      | Found a basalt altar of Yredelemnul.
  3755 | D:5      | Entered Level 5 of the Dungeon
  3852 | D:5      | Reached skill level 7 in Long Blades
  4287 | D:5      | Found a staircase to the Ecumenical Temple.
  4306 | D:5      | Reached XP level 8. HP: 27/70 MP: 7/7
  5069 | D:5      | Found an iron altar of Okawaru.
  5661 | D:5      | Reached skill level 8 in Long Blades
  5961 | D:6      | Identified the +0 ring mail of Zeeguxug {rF+ MP+9}
  6515 | D:6      | Found a bloodstained altar of Trog.
  6587 | D:6      | Found Soniaw's Antique Armour Shop.
  6683 | D:6      | Reached skill level 9 in Long Blades
  7452 | D:7      | Reached XP level 9. HP: 79/79 MP: 8/8
  7774 | D:7      | Found a runed translucent door.
  7774 | D:7      | Noticed a manticore
  7774 | D:7      | Noticed Biggs's ghost (novice DjCj)
  8343 | D:7      | Found a shimmering blue altar of Sif Muna.
  8472 | D:6      | Bought a runed plate armour for 754 gold pieces
  8528 | D:8      | Noticed an angel
  8632 | D:8      | Found Idueloc's Hallowed Reliquary.
  8638 | D:8      | Bought a potion of curing for 33 gold pieces
  8638 | D:8      | Bought 2 potions of curing for 66 gold pieces
  8755 | D:8      | Found a burning altar of Makhleb.
  8805 | D:8      | Reached skill level 10 in Long Blades
  8833 | D:8      | Found a broken altar of Ashenzari.
  9317 | D:9      | Noticed Maurice
  9323 | D:9      | Something stole a ring of willpower
  9330 | D:9      | Something stole 5 boomerangs
  9348 | D:9      | Something stole a +0 buckler
  9363 | D:8      | HP: 3/81 [vampire mosquito (6)]
  9363 | D:8      | Slain by a vampire mosquito

Illustrated notes

Levels and vault maps discovered:
D:1:      matt_arrival_spirals, layout_basic
D:2:      layout_basic
D:3:      layout_rooms, lemuel_zombie_altar_yredelemnul, minitemple,
          hellmonk_ecumenical_altar_leap_of_faith, minmay_divided_ellipse,
          uniq_sigmund, uniq_jessica, uniq_natasha
D:4:      layout_cave_pods, serial_column_ruins, column_ruins_square_large,
          column_ruins_hut, column_ruins_grid_3, column_ruins_grid_1,
          column_ruins_grid_1, column_ruins_corridor_straight
D:5:      layout_loops_ring, okawaru_altar_gauntlet_db,
          minmay_temple_entry_overgrown
D:6:      wander_river, layout_cave_pods, lemuel_tele_altar, serial_shops, shop
D:7:      layout_loops_ring, led_sif_pool, ebering_ghost_inner_flame
D:8:      layout_rooms, mainiacjoe_overflow_boulevard, evilmike_ruin_ashenzari,
          nicolae_good_shop
D:9:      layout_rooms, mainiacjoe_overflow_small_starburst, serial_shops, shop,
          hangedman_abyss_or_decor_passed, uniq_pikel, uniq_jeremiah,
          uniq_maurice

Skill      XL: |  1  2  3  4  5  6  7  8  9 |
---------------+----------------------------+-----
Long Blades    | 3 5 6 7 9 10 | 10.3
Fighting       | 4 5 6 7 8 |  8.0
Armour         | 4 5 6 7 8 |  8.0
Shields        | 4 5 6 7 8 |  8.1

Action                     |  1- 3 |  4- 6 |  7- 9 || total
---------------------------+-------+-------+-------++-------
  Melee: Long sword        |    95 |   120 |   482 ||   697
         Headbutt          |    13 |    27 |    85 ||   125
  Throw: Boomerang         |       |     2 |       ||     2
 Invoke: Potion Petition   |       |       |     1 ||     1
Ability: Evoke Blink       |     1 |     4 |     3 ||     8
    Use: Scroll            |       |       |     7 ||     7
         Potion            |       |       |     4 ||     4
   Stab: Sleeping          |       |     1 |       ||     1
         Distracted        |       |       |     1 ||     1
 Armour: Scale mail        |    72 |       |       ||    72
         Leather armour    |    12 |    87 |    58 ||   157
         Plate armour      |       |       |   408 ||   408
         Skin              |       |       |     6 ||     6
  Dodge: Dodged            |    58 |    55 |   165 ||   278
  Block: Buckler           |    15 |    27 |    96 ||   138
         Kite shield       |       |       |    48 ||    48

Table legend: (Time is in decaauts)
 A = Elapsed time spent in this place.
 B = Non-inter-level travel time spent in this place.
 C = Inter-level travel time spent in this place.
 D = Time resting spent in this place.
 E = Time spent auto-exploring this place.
 F = Levels seen in this place.
 G = Mean time per level.
                   A        B        C        D        E       F      G
               +--------+--------+--------+--------+--------+-----+--------+
         Total |   9443 |   8759 |    684 |   1191 |   5988 |   9 | 1049.2 |
       Dungeon |   9443 |   8759 |    684 |   1191 |   5988 |   9 | 1049.2 |
               +--------+--------+--------+--------+--------+-----+--------+

Top non-repeatable levels by time:
     D:5: 2011 daAuts
     D:6: 1585 daAuts
     D:7: 1183 daAuts
     D:3: 1147 daAuts
     D:2: 1001 daAuts
     D:4: 962 daAuts
     D:8: 795 daAuts
     D:1: 714 daAuts
     D:9: 41 daAuts
